AoeStats
← DschingisCrack

Nomad

508310190Analyzed
4v4 RM · 9d ago on Sep 21, 2026· 39m 31s· 8 players
Game mode
Random Map
Map size
231×231
Population
200
Speed
Normal
Resources
Standard
Victory
Conquest
Starting age
Dark Age
Ending age
Imperial Age
RankedLock teamsTeams togetherTeam positionsShared explorationLock speedFull tech treeHidden civsTurbo modeCheats
Victory
Defeat
🇨🇴 Vietnamese · Colombia
1296
+18
🇲🇽 Spanish · Mexico
1291
+18
🇲🇽 Britons · Mexico
1275
+19
🇩🇪 Persians · Germany
1258
+19
🇩🇪 Mongols · Germany
1361
-19
1350
-19
1338
-19
🇩🇪 Franks · Germany
1296
-17
[Zelda] Skull kid
3:36 Loom
13:47 Feudal Age
18:00 Castle Age
38:48 Wheelbarrow
41:27 Imperial Age
derschulerin
3:02 Loom
3:47 Loom
14:37 Feudal Age
15:07 Double-Bit Axe
19:20 Castle Age
17:11 Horse Collar
18:21 Gold Mining
19:11 Forging
18:53 Fletching
19:36 Crossbowman
21:41 Ballistics
22:41 Bow Saw
24:47 Bodkin Arrow
28:11 Padded Archer Armor
31:56 Leather Archer Armor
38:46 Wheelbarrow
38:35 Forging
T91Official
12:44 Feudal Age
11:15 Loom
13:14 Double-Bit Axe
15:38 Fletching
22:23 Castle Age
20:17 Gold Mining
22:25 Crossbowman
23:02 Bodkin Arrow
24:25 Horse Collar
26:10 Bow Saw
27:33 Wheelbarrow
27:30 Stone Mining
35:59 Imperial Age
34:12 Heavy Plow
35:10 Ballistics
35:08 Padded Archer Armor
36:23 Hand Cart
36:25 Leather Archer Armor
36:00 Capped Ram
37:58 Chemistry
37:43 Bracer
38:22 Treadmill Crane
39:41 Ring Archer Armor
39:39 Murder Holes
DschingisCrack
5:52 Loom
13:25 Feudal Age
19:32 Castle Age
19:46 Double-Bit Axe
21:01 Medium Warships
29:10 Wheelbarrow
35:29 Imperial Age
35:05 Hand Cart
35:42 Kamandaran
35:57 Crossbowman
39:00 Thumb Ring
SCURR.Welt-PAD-THAI-SITTICH
3:55 Loom
15:16 Feudal Age
17:47 Fletching
20:18 Castle Age
24:37 Bodkin Arrow
27:30 Imperial Age
33:20 Double-Bit Axe
斷頭將軍拒當逃兵
3:24 Loom
15:41 Feudal Age
20:36 Castle Age
18:57 Double-Bit Axe
22:36 Forging
22:32 Scale Barding Armor
22:40 Bow Saw
27:23 Iron Casting
28:30 Horse Collar
29:41 Heavy Plow
32:12 Chain Barding Armor
SCURR.Killer Miller
5:59 Loom
14:17 Feudal Age
14:55 Double-Bit Axe
17:25 Town Watch
19:53 Castle Age
18:55 Stone Mining
21:06 Bow Saw
26:44 Wheelbarrow
31:20 Fletching
SCURR.Oberlehrer
4:46 Loom
13:11 Feudal Age
15:38 Fletching
25:11 Castle Age
29:13 Horse Collar
32:18 Stone Mining
34:01 Wheelbarrow
39:10 Hand Cart
Connection lost

Rejoining the realm…

Still unreachable

The connection could not be restored.

Session expired

The server has moved on; the page needs a fresh start.